 Dungeon Crawl Stone Soup version 0.23-a0-690-g0a1fc62c7c (webtiles) character file.

7 Crom the Cudgeler (level 1, -2/18 HPs)
             Began as a Minotaur Gladiator on Jan 11, 2019.
             Slain by a goblin
             ... wielding a +2 dagger of distortion
              (3 damage)
             ... on level 1 of the Dungeon.
             The game lasted 00:01:02 (143 turns).

Crom the Cudgeler (Minotaur Gladiator)               Turns: 143, Time: 00:01:03

Health: -2/18      AC:  3    Str: 18    XL:     1   Next: 91%
Magic:  0/0        EV: 12    Int:  5    God:
Gold:   0          SH:  0    Dex: 11    Spells: 0/0 levels left

rFire    . . .     SeeInvis .   a - +0 flail
rCold    . . .     Gourm    .   (no shield)
rNeg     . . .     Faith    .   b - +0 leather armour
rPois    .         Spirit   .   c - +0 hat
rElec    .         Reflect  .   (no cloak)
rCorr    .         Harm     .   (no gloves)
MR       .....                  (no boots)
Stlth    +.........             (no amulet)
HPRegen  0.06/turn              (no ring)
MPRegen  0.07/turn              (no ring)

@: no status effects
A: retaliatory headbutt, horns 2
a: no special abilities


You were on level 1 of the Dungeon.
You were not hungry.

You visited 1 branch of the dungeon, and saw 1 of its levels.

Inventory:

Hand Weapons
 a - a +0 flail (weapon)
Missiles
 d - a throwing net (quivered) {!f}
 f - 50 stones
 g - 4 tomahawks
Armour
 b - a +0 leather armour (worn)
 c - a +0 hat (worn)
Jewellery
 h - an uncursed ring of wizardry {unknown}
   (You found it on level 1 of the Dungeon)
Comestibles
 e - a ration {!d}


   Skills:
 + Level 2.7 Fighting
 * Level 4.1 Maces & Flails
 - Level 2.0 Throwing
 - Level 3.2 Dodging


You couldn't memorise any spells.
You didn't know any spells.
Your spell library was empty.

Dungeon Overview and Level Annotations

Branches:
Dungeon (1/15)

Altars:


Innate Abilities, Weirdness & Mutations

You reflexively headbutt those who attack you in melee.
You have a pair of horns on your head.


Message History

You hit the giant cockroach.
You kill the giant cockroach!
h - an encrusted agate ring No target in view!
Found a glowing dagger.
No target in view!
Found a spear.
No target in view!
A rat comes into view.
A rat is nearby!
A rat is nearby!
A rat is nearby!
You sock the rat!
You kill the rat!
You open the door.
There is an open door here.
Found a stone staircase leading down.
No target in view!
Found a scroll labeled GYPRAA SOGO.
No target in view!
A goblin comes into view.
It is wielding a +2 dagger of distortion.
Found a stone staircase leading down.
A goblin is nearby!
A goblin is nearby!
The goblin hits you with a +2 dagger of distortion.
A goblin is nearby!
You hit the goblin but do no damage. Your headbutt misses the goblin.
The goblin hits you with a +2 dagger of distortion.
Space warps horribly around you!
Ouch! That really hurt!
* * * LOW HITPOINT WARNING * * *
Throwing (i - inventory. (/) - cycle)
d - 3 throwing nets (quivered)
{!f}
Aim: a goblin, wielding a +2 dagger of distortion Really fire
d - 3 throwing nets {!f}?
A goblin is nearby!
Throwing (i - inventory. (/) - cycle)
d - 3 throwing nets (quivered)
{!f}
Aim: a goblin, wielding a +2 dagger of distortion Really fire
d - 3 throwing nets {!f}?
You throw a throwing net {!f}. The goblin closely misses you.
Throwing (i - inventory. (/) - cycle)
d - 2 throwing nets (quivered)
{!f}
Aim: a goblin, wielding a +2 dagger of distortion Really fire
d - 2 throwing nets {!f}?
A goblin is nearby!
Unknown command.
Throwing (i - inventory. (/) - cycle)
d - 2 throwing nets (quivered)
{!f}
Aim: a goblin, wielding a +2 dagger of distortion Really fire
d - 2 throwing nets {!f}?
You throw a throwing net {!f}.
The goblin hits you with a +2 dagger of distortion.
You die...

.##.##...##.##>...#.....
.#...#####...#....#.....
...8.......8............
.#...#####...#.....#....
.##.## ##.##.....#..>.
..#.# #.###.........
..#.# #.##(.......?.
..#.# #.##..........
.##.# #.##..@..##### .#
...#..g..# ..
.8.......... .#
#...#.......... .#
##.##.......... ...
........... ..
##........## ..........


You could see a goblin.

Vanquished Creatures
  A bat (D:1)
  2 giant cockroaches (D:1)
  A goblin (D:1)
  A kobold (D:1)
  A rat (D:1)
6 creatures vanquished.

Notes
Turn   | Place    | Note
-------+----------+-------------------------------------------
     0 | D:1      | Crom the Minotaur Gladiator began the quest for the Orb.
     0 | D:1      | Reached XP level 1. HP: 18/18 MP: 0/0
    82 | D:1      | Reached skill level 4 in Maces & Flails
   143 | D:1      | Slain by a goblin

Vault maps used:
D:1:      dpeg_arrival_rhombi, roderic_lattice_a, minmay_misc_feat_tower

Skill      XL: |  1 |
---------------+----+-----
Maces & Flails | 4 |  4.1
Fighting       | |  2.7
Throwing       | |  2.0
Dodging        | |  3.2

Action                   || total
-------------------------++-------
Melee: Flail             ||     9
Throw: Throwing net      ||     2
Armor: Leather armour    ||     5
Dodge: Dodged            ||     8

Table legend:
 A = Non-vault XP
 B = Vault XP
 C = Vault XP percentage of total XP
 D = Non-vault monster count
 E = Vault monster count
 F = Vault count percentage of total count
                 A         B        C        D         E       F
            +---------+---------+-------+---------+---------+-------
      Total |      11 |       0 |   0.0 |       6 |       0 |   0.0
            +---------+---------+-------+---------+---------+-------
        D:1 |      11 |       0 |   0.0 |       6 |       0 |   0.0
            +---------+---------+-------+---------+---------+-------
